 Dungeon Crawl Stone Soup version 0.27.1-2-g3b301248ec (webtiles) character file.

Game seed: 14029457645308543050

58 Crimsonway the Grave Robber (level 3, -4/25 HPs)
             Began as a Vampire Necromancer on Sept 30, 2021.
             Was a Follower of Nemelex Xobeh.
             Slain by Crazy Yiuf (5 damage)
             ... on level 2 of the Dungeon.
             The game lasted 00:08:31 (1498 turns).

Crimsonway the Grave Robber (Vampire Necromancer)   Turns: 1498, Time: 00:08:31

Health: -4/25      AC:  2    Str:  7    XL:     3   Next: 75%
Magic:  4/6        EV: 12    Int: 18    God:    Nemelex Xobeh [*.....]
Gold:   57         SH:  0    Dex: 14    Spells: 6/7 levels left

rFire    . . .     SeeInvis +   v - +2 dagger (elec)
rCold    . . .     Faith    .   (no shield)
rNeg     . . .     Spirit   .   a - +0 robe
rPois    .         Reflect  .   (no helmet)
rElec    .         Harm     .   (no cloak)
rCorr    .         Rampage  .   (no gloves)
Will     .....                  (no boots)
Stlth    ++........             (no amulet)
HPRegen  0.28/turn              (no ring)
MPRegen  0.10/turn              (no ring)

@: very slightly contaminated, healing quickly, invisible
A: alive, fangs 3, see invisible, vampiric 2
a: Exsanguinate, Renounce Religion, Draw Escape, Draw Destruction, Draw
Summoning


You were on level 2 of the Dungeon.
You worshipped Nemelex Xobeh.
Nemelex Xobeh was aware of your devotion.
You visited 1 branch of the dungeon, and saw 2 of its levels.

You collected 57 gold pieces.

Inventory:

Hand Weapons
 b - a +0 short sword
 r - a +0 whip
 s - a +0 spear
 v - a +2 dagger of electrocution (weapon)
Armour
 a - a +0 robe (worn)
 k - a scarf of shadows
 l - a +0 robe
Scrolls
 h - a scroll of blinking {unknown}
 i - a scroll of silence {unknown}
 j - a scroll of teleportation {unknown}
 m - a scroll of enchant armour {unknown}
 n - a scroll of vulnerability {unknown}
 o - 3 scrolls of identify {unknown}
 p - a scroll of summoning {unknown}
 q - a scroll of enchant weapon {unknown}
Potions
 c - a potion of invisibility {unknown}
 d - a potion of curing {unknown}
 e - a potion of brilliance {unknown}
 f - 2 potions of heal wounds
 g - a potion of berserk rage {unknown}
 t - a potion of ambrosia {unknown}
 u - a potion of might {unknown}


   Skills:
 + Level 0.4 Fighting
 + Level 0.5 Short Blades
 + Level 2.6 Dodging
 + Level 3.4 Stealth
 + Level 2.5 Spellcasting
 + Level 5.1 Necromancy


You had 6 spell levels left.
You knew the following spells:

 Your Spells              Type           Power      Damage    Failure   Level
a - Pain                  Necr           80%        1d8       1%          1

Your spell library contained the following spells:

 Spells                   Type           Power      Damage    Failure   Level
 Animate Skeleton         Necr           40%        N/A       1%          1
 Vampiric Draining        Necr           10%        2d7       6%          3
 Animate Dead             Necr           10%        N/A       21%         4
 Agony                    Necr           20%        N/A       50%         5


Dungeon Overview and Level Annotations

Branches:
Dungeon (2/15)

Altars:
Nemelex Xobeh

Shops:
D:2 (

Annotations:
D:2 Crazy Yiuf


Innate Abilities, Weirdness & Mutations

Your natural rate of healing is accelerated.
You have razor-sharp teeth.
You have supernaturally acute eyesight. (SInv)
You are afflicted with vampirism and can become a bat while bloodless.


Message History

Found an emerald potion.
u - an emerald potion
Found a stone staircase leading down.
There is a stone staircase leading down here.
A goblin comes into view.
It is wielding a +2 dagger of electrocution.
The goblin shouts!
You miss the goblin.
The goblin hits you with a +2 dagger of electrocution.
You are electrocuted!
Ouch! That really hurt!
You hit the goblin. You bite the goblin.
You kill the goblin!
Things that are here:
a +2 dagger of electrocution; a goblin corpse
v - a +2 dagger of electrocution You hear the crackle of electricity.
v - a +2 dagger of electrocution (weapon)
Found a mace.
Found a runed translucent door.
You open the door.
There is an open translucent door here.
Crazy Yiuf shouts!
Crazy Yiuf completely misses you.
You hit Crazy Yiuf but do no damage. You completely miss Crazy Yiuf.
Crazy Yiuf misses you.
Aiming: Pain (safe; 1% risk of failure)
Press: ? - help, Q - select action, (/) - cycle Shift-Dir - straight line, f - Crazy Yiuf
Aim: Crazy Yiuf, wielding a +4 quarterstaff of chaos and wearing a +0 cloak (chance to affect: 85%) Crazy Yiuf writhes in agony!
Crazy Yiuf hits you with a +4 quarterstaff of chaos!
* * * LOW HITPOINT WARNING * * *
You fade into invisibility!
You are very lightly contaminated with residual magic.
Aiming: Pain (safe; 1% risk of failure)
Press: ? - help, Q - select action, (/) - cycle Shift-Dir - straight line, f/p - Crazy Yiuf
Aim: Crazy Yiuf, wielding a +4 quarterstaff of chaos and wearing a +0 cloak (moderately wounded, chance to affect: 85%) Crazy Yiuf barely resists.
Crazy Yiuf yells, "Orb!"
Crazy Yiuf hits you with a +4 quarterstaff of chaos.
You die...
Your body disappears without a glow.

#.####.###.###
#.>..........########
###....###.#........#
###### ##########..
##. ♣♣♣♣♣#######
#####♣♣♣.♣.........
#...#♣..♣......####
#g@.'.♣♣♣♣.........
#)..#♣♣ ♣♣....####
##### ♣♣####


You could see Crazy Yiuf.

Vanquished Creatures
  2 adders (D:2)
  4 endoplasms
  2 giant cockroaches (D:2)
  5 goblins
  3 hobgoblins
  6 jackals
  2 quokkas
  2 ball pythons
  2 bats
  A frilled lizard (D:2)
  3 kobolds
  4 rats
36 creatures vanquished.

Vanquished Creatures (others)
  4 plants (D:1)
4 creatures vanquished.

Grand Total: 40 creatures vanquished

Notes
Turn   | Place    | Note
-------+----------+-------------------------------------------
     0 | D:1      | Crimsonway the Vampire Necromancer began the quest for the
                  | Orb.
     0 | D:1      | Reached XP level 1. HP: 13/13 MP: 3/3
   687 | D:1      | Reached XP level 2. HP: 19/19 MP: 3/5
   850 | D:1      | Found a faded altar of an unknown god.
   866 | D:1      | Became a worshipper of Nemelex Xobeh the Trickster
   866 | D:1      | Reached * piety under Nemelex Xobeh
   866 | D:1      | Received a gift from Nemelex Xobeh
  1153 | D:2      | Reached skill level 5 in Necromancy
  1153 | D:2      | Gained mutation: You are afflicted with vampirism and can
                  | become a bat while bloodless. [Vampire growth]
  1153 | D:2      | Reached XP level 3. HP: 12/25 MP: 3/6
  1178 | D:2      | Found Beorrausm's Weapon Boutique.
  1487 | D:2      | Found a runed translucent door.
  1488 | D:2      | Noticed Crazy Yiuf
  1498 | D:2      | Slain by Crazy Yiuf

Illustrated notes

Levels and vault maps discovered:
D:1:      psy_arrival_conway, layout_loops_ring,
          hellmonk_ecumenical_altar_prayer_group
D:2:      layout_rooms, serial_shops, shop, serial_glass, glass_columns_a,
          glass_columns_b, grunt_decor_one_mirror, st_stairs_13,
          uniq_crazy_yiuf_cottage

Skill      XL: |  1  2 |
---------------+-------+-----
Necromancy     | 5 |  5.1
Fighting       | |  0.4
Short Blades   | |  0.5
Dodging        | |  2.6
Stealth        | |  3.4
Spellcasting   | |  2.5

Action                   || total
-------------------------++-------
Melee: Unarmed           ||   351
       Bite              ||    50
       Short sword       ||    47
       Spear             ||     9
       Dagger            ||     2
 Cast: Pain              ||    29
Invok: Draw Destruction  ||     1
  Use: Potion            ||     1
 Stab: Sleeping          ||     4
Armor: Robe              ||    17
Dodge: Dodged            ||    51
